 Dungeon Crawl Stone Soup version 0.31.0-32-g396128a36d (webtiles) character file.

Game seed: 4860145095007651445

7428 Jinxx the Frost Mage (level 10, -2/73 HPs)
             Began as a Demonspawn Ice Elementalist on Apr 4, 2024.
             Was an Initiate of Ru.
             Killed by Olgreb's Toxic Radiance
             ... invoked by ripuliukko's ghost
              (3 damage)
             ... on level 10 of the Dungeon.
             The game lasted 01:05:46 (11108 turns).

Jinxx the Frost Mage (Demonspawn Ice Elementalist) Turns: 11108, Time: 01:05:47

Health: -2/73      AC:  8    Str:  5 (8)  XL:     10   Next: 93%
Magic:  0/13       EV: 13    Int: 33 (35) God:    Ru [......]
Gold:   349        SH:  5    Dex: 12 (15) Spells: 10/25 levels left

rFire   . . .        L - +9 rapier "Widowermaker" {freeze, MP-9 Int+8 Dex-4 SInv}
rCold   . . .        (no shield)
rNeg    . . .        a - +0 robe
rPois   .            B - +0 helmet
rElec   .            (no cloak)
rCorr   .            Y - +1 pair of gloves
SInv    +            (no boots)
Will    +....        N - amulet of reflection
Stlth   ++           m - +6 ring of dexterity
HPRegen 0.32/turn    c - +6 ring of intelligence
MPRegen 0.13/turn

%: reflection
@: lethally poisoned (-2 -> -31), freezing walls
A: hooves 1, thin metallic scales 2, ignite blood 1, screaming 1, spiny 1,
demonic willpower
a: Renounce Religion


You were on level 10 of the Dungeon.
You worshipped Ru.
Ru was noncommittal.
You visited 2 branches of the dungeon, and saw 11 of its levels.

You collected 495 gold pieces.
You spent 146 gold pieces at shops.

Inventory:

Hand Weapons
 e - a +2 falchion of protection
 g - a +2 short sword of freezing
 L - the +9 rapier "Widowermaker" (weapon) {freeze, MP-9 Int+8 Dex-4 SInv}
   (You found it on level 7 of the Dungeon)

   Int+8:     It affects your intelligence (+8).
   Dex-4:     It affects your dexterity (-4).
   MP-9:      It affects your magic capacity (-9).
   SInv:      It lets you see invisible.
 Z - a +1 vampiric war axe
Missiles
 f - a curare-tipped dart
 s - 6 javelins
 D - 5 atropa-tipped darts
 I - 5 throwing nets
 K - 6 darts of dispersal
 U - 20 poisoned darts
Armour
 a - a +0 robe (worn)
 B - a +0 helmet (worn)
 G - the +0 scale mail of Pathos {rF+ Int-5 Dex+3}
   (You found it on level 6 of the Dungeon)

   Int-5:     It affects your intelligence (-5).
   Dex+3:     It affects your dexterity (+3).
   rF+:       It protects you from fire.
 Q - the +15 plate armour of the Devil {Rampage Will+ rCorr Str+3}
   (You found it on level 7 of the Dungeon)

   Str+3:     It affects your strength (+3).
   Will+:     It increases your willpower.
   rCorr:     It protects you from acid and corrosion.
   Rampage:   It bestows one free step when moving towards enemies.
 Y - a +1 pair of gloves (worn)
Magical Staves
 E - a staff of fire
Jewellery
 c - a +6 ring of intelligence (right hand)
 m - a +6 ring of dexterity (left hand)
 N - an amulet of reflection (around neck)
 P - a ring of fire
 X - a ring of protection from cold
Talismans
 k - a flux talisman
Wands
 T - a wand of paralysis (13)
 W - a wand of flame (23)
Scrolls
 d - 2 scrolls of identify
 p - 2 scrolls of fear {unknown}
 r - 2 scrolls of amnesia {unknown}
 u - 2 scrolls of enchant weapon
 w - 2 scrolls of blinking {unknown}
 y - 2 scrolls of vulnerability {unknown}
 z - 3 scrolls of teleportation
 C - 2 scrolls of fog {unknown}
 H - 2 scrolls of revelation {unknown}
 M - a scroll of acquirement {unknown}
 R - 5 scrolls of enchant armour
 S - a scroll of noise {unknown}
 V - a scroll of poison {unknown}
Potions
 i - 3 potions of brilliance
 j - 2 potions of enlightenment
 l - a potion of berserk rage {unknown}
 o - a potion of degeneration
 q - a potion of might {unknown}
 t - 2 potions of cancellation {unknown}
 x - a potion of resistance {unknown}
 A - a potion of mutation {unknown}


   Skills:
 * Level 4.5 Fighting
 * Level 5.1 Short Blades
 + Level 0.9 Throwing
 * Level 4.2 Armour
 * Level 4.8 Dodging
 + Level 3.3 Stealth
 + Level 0.9 Shields
 * Level 8.2 Spellcasting
 * Level 1.9 Summonings
 * Level 2.7 Necromancy
 * Level 8.8 Ice Magic
 * Level 1.8 Evocations


You had 10 spell levels left.
You knew the following spells:

 Your Spells              Type           Power      Damage    Failure   Level
a - Freeze                Ice            100%       1d10      1%          1
b - Frozen Ramparts       Ice            100%       1d16      1%          3
c - Ozocubu's Armour      Ice            64%        N/A       1%          3
d - Summon Ice Beast      Ice/Summ       49%        N/A       1%          3
e - Martyr's Knell        Necr/Summ      28%        N/A       13%         4
f - Necrotise             Necr           100%       1d9       1%          1

Your spell library contained the following spells:

 Spells                   Type           Power      Damage    Failure   Level
 Kiss of Death            Conj/Necr      88%        2d12      1%          1
 Shock                    Conj/Air       52%        1d6       3%          1
 Vampiric Draining        Necr           31%        2d8       3%          3
 Call Canine Familiar     Summ           26%        N/A       4%          3
 Confusing Touch          Hex            13%        N/A       11%         3
 Sigil of Binding         Hex            13%        N/A       11%         3
 Swiftness                Air            13%        N/A       11%         3
 Dispel Undead            Necr           31%        3d14      11%         4
 Curse of Agony           Necr           31%        N/A       30%         5
 Airstrike                Air            6%         2d(1-17)  34%         4
 Dimensional Bullseye     Hex/Tloc       6%         N/A       34%         4
 Leda's Liquefaction      Alch/Erth      6%         N/A       34%         4
 Irradiate                Conj/Alch      6%         3d13      67%         5
 Silence                  Hex/Air        6%         N/A       67%         5


Dungeon Overview and Level Annotations

Branches:
Dungeon (10/15)            Temple (1/1) D:7             Orc (0/2) D:10
   Lair: D:8-11

Altars:
Ashenzari
Cheibriados
Dithmenos
Fedhas
Gozag
Hepliaklqana
Kikubaaqudgha
Makhleb
Nemelex Xobeh
Okawaru
Qazlal
Ru
Sif Muna
Trog
Uskayaw
Vehumet
Wu Jian
Xom
Yredelemnul

Shops:
D:1 *   D:2 *   D:9 *

Annotations:
D:10 1 transporter, ripuliukko's ghost, novice GrEE


Innate Abilities, Weirdness & Mutations

You have large cloven feet.
You are mostly covered in thin metallic scales. (AC +3)
Your demonic aura sometimes causes spilled blood to erupt in flames.
You occasionally shout uncontrollably at your foes.
You are partially covered in sharp spines.
You punish those that try to bend your will. (Will+)


Message History

Ripuliukko's ghost is almost destroyed.
You feel very sick.
Ripuliukko's ghost shrieks, "You must not fail where I succeeded!"
Ripuliukko's ghost hits you.
You are more poisoned.
Aiming: Necrotise (safe; 1% risk of failure)
Press: ? - help, Q - select action, (/) - cycle Shift-Dir - straight line, f - you, p - ripuliukko's ghost
Okay, then.
Casting: Necrotise (safe; 1% risk of failure)
Confirm with . or Enter, or press ? or * to list all spells.
You don't know that spell.
Casting: Necrotise (safe; 1% risk of failure)
Confirm with . or Enter, or press ? or * to list all spells.
Aiming: Freeze (safe; 1% risk of failure)
Press: ? - help, Shift-Dir - straight line, f/p - ripuliukko's ghost
Aim: ripuliukko's ghost, wielding a weapon of venom (almost destroyed, radiating toxic energy)
Okay, then.
Casting: Freeze (safe; 1% risk of failure)
Confirm with . or Enter, or press ? or * to list all spells.
Okay, then.
Casting: Freeze (safe; 1% risk of failure)
Confirm with . or Enter, or press ? or * to list all spells.
Casting: Frozen Ramparts (safe; 1% risk of failure)
Press: ? - help, Dir - look around, f - activate A transporter landing site, spattered with blood.
There is a cloud of flame here.
The walls around you are covered in ice.
You feel extremely sick.
You are lethally poisoned!
The wall freezes the killer bee but does no damage.
The wall freezes the killer bee.
The wall freezes ripuliukko's ghost.
Ripuliukko's ghost casts a spell next to you.
The wall shatters!
The blast of rock fragments hits you!!
* * * LOW HITPOINT WARNING * * *
You hear an angry buzzing noise.
It was a potion of degeneration.
There was something very wrong with that liquid.
You feel weakened.
You feel dopey.
You feel clumsy.
* * * LOW HITPOINT WARNING * * *
You feel extremely sick.
You die...

#....###.###.)..#....
#...#########...#....
#..###.# #.###..<....
#..##...#.W.##.......
#..##.#####.##.......
#..##...#.!.##...#...
#..#.#y# #.#y#.....).
#..#.W#. .#yy#.......
#.©#@.#.#.#yy#©......
##.#.$#. .#.y#.......
#.#.#.# #.#)#.......
#.##...#...##..#....
#.##.#####.##.......
#.##...#...##.......
#.###.# #.###.......
#..#########.....###
##..###.###......# #


You could see a killer bee and ripuliukko's ghost (toxic aura).

Vanquished Creatures
  A two-headed ogre (D:10)
  A deep elf pyromancer (D:10)
  A meliai (D:10)
  A gargoyle (D:10)
  3 hornets
  A steam dragon (D:9)
  3 vampire mosquitoes (D:10)
  Edmund (D:5)
  Duvessa (D:7)
  2 water moccasins
  4 orc warriors
  2 ice beasts
  An ogre (D:6)
  2 centaurs
  2 phantoms
  2 kobold brigands
  2 bullfrogs
  3 scorpions (D:6)
  8 wights (D:7)
  Dowan (D:7)
  23 killer bees
  5 howler monkeys
  3 bombardier beetles
  10 orc priests
  2 jellies
  A gnoll bouda (D:6)
  2 hounds
  2 iguanas
  Natasha (twice) (D:2)
  Terence (D:2)
  12 orc wizards
  5 gnolls (D:6)
  7 adders
  A white imp (D:7)
  4 ufetubi
  A dart slug (D:5)
  A ribbon worm (D:2)
  32 orcs
  5 ball pythons
  A bat (D:2)
  5 endoplasms
  A giant cockroach (D:1)
  6 goblins
  5 hobgoblins
  4 jackals (D:5)
  12 kobolds
  2 quokkas
  2 frilled lizards
  6 rats
205 creatures vanquished.

Vanquished Creatures (collateral kills)
  An orc wizard (D:6)
1 creature vanquished.

Grand Total: 206 creatures vanquished

Notes
Turn   | Place    | Note
-------+----------+-------------------------------------------
     0 | D:1      | Jinxx the Demonspawn Ice Elementalist began the quest for
                  | the Orb.
     0 | D:1      | Reached XP level 1. HP: 13/13 MP: 3/3
    87 | D:1      | Found Ditalory's General Store.
    91 | D:1      | Bought 5 stones for 5 gold pieces
   264 | D:1      | Gained mutation: You are partially covered in thin metallic
                  | scales. (AC +2) [demonic ancestry]
   264 | D:1      | Reached XP level 2. HP: 19/19 MP: 3/5
  1285 | D:2      | Gained mutation: You are mostly covered in thin metallic
                  | scales. (AC +3) [demonic ancestry]
  1285 | D:2      | Reached XP level 3. HP: 25/25 MP: 6/6
  1289 | D:2      | Learned a level 3 spell: Frozen Ramparts
  1304 | D:2      | Reached skill level 1 in Fighting
  1553 | D:2      | Noticed Natasha
  1561 | D:2      | Killed Natasha
  1562 | D:2      | Reached XP level 4. HP: 27/32 MP: 0/7
  1628 | D:2      | Learned a level 3 spell: Ozocubu's Armour
  1754 | D:2      | Noticed Natasha
  1762 | D:2      | Killed Natasha
  1879 | D:2      | Found Ukiosien's Assorted Antiques.
  1909 | D:2      | Found a hazy altar of Hepliaklqana.
  1920 | D:2      | Noticed Terence
  1934 | D:2      | Killed Terence
  1935 | D:2      | Gained mutation: You have large cloven feet. [demonic
                  | ancestry]
  1935 | D:2      | Reached XP level 5. HP: 31/37 MP: 0/8
  2330 | D:3      | Got Jeggis's Essays on Beguiling Toxicology
  2938 | D:4      | Reached skill level 1 in Short Blades
  4067 | D:5      | Entered Level 5 of the Dungeon
  4167 | D:5      | Noticed Edmund
  4183 | D:5      | Killed Edmund
  4184 | D:5      | Reached skill level 1 in Armour
  4184 | D:5      | Reached XP level 6. HP: 11/44 MP: 1/10
  4471 | D:5      | Reached skill level 5 in Ice Magic
  4902 | D:5      | Noticed an ice beast
  4927 | D:5      | Killed an ice beast
  4928 | D:5      | Gained mutation: You are partially covered in sharp spines.
                  | [demonic ancestry]
  4928 | D:5      | Reached XP level 7. HP: 12/49 MP: 3/12
  5940 | D:6      | Identified the +0 scale mail of Pathos {rF+ Int-5 Dex+3}
  5958 | D:6      | Reached XP level 8. HP: 57/57 MP: 8/14
  5962 | D:6      | Learned a level 3 spell: Summon Ice Beast
  6526 | D:7      | Noticed Duvessa
  6528 | D:7      | Noticed Dowan
  6536 | D:7      | Killed Duvessa
  6542 | D:7      | Killed Dowan
  6674 | D:7      | Identified the +9 rapier "Widowermaker" {freeze, MP-9 Int+8
                  | Dex-4 SInv}
  6797 | D:7      | Reached skill level 5 in Spellcasting
  6888 | D:7      | Identified the +15 plate armour of the Devil {Rampage Will+
                  | rCorr Str+3}
  6909 | D:7      | Found a staircase to the Ecumenical Temple.
  6926 | Temple   | Entered the Ecumenical Temple
  7159 | Temple   | Became a worshipper of Ru the Awakened
  7238 | D:7      | Noticed a hornet
  7241 | D:7      | Paralysed by a hornet for 2 turns
  7241 | D:7      | Killed a hornet
  7371 | D:7      | Gained mutation: Your demonic aura sometimes causes spilled
                  | blood to erupt in flames. [demonic ancestry]
  7371 | D:7      | Reached XP level 9. HP: 56/63 MP: 3/17
  8968 | D:8      | Gained mutation: You occasionally shout uncontrollably at
                  | your foes. [Ru sacrifice]
  8984 | D:8      | Found a burning altar of Makhleb.
  9357 | D:9      | Found Qizuup's Assorted Antiques.
  9417 | D:9      | Bought a potion of heal wounds for 105 gold pieces
  9417 | D:9      | Bought a viscous white potion for 18 gold pieces
  9417 | D:9      | Bought a black potion for 18 gold pieces
  9622 | D:9      | Learned a level 4 spell: Martyr's Knell
  9709 | D:9      | Gained mutation: You punish those that try to bend your
                  | will. (Will+) [demonic ancestry]
  9709 | D:9      | Reached XP level 10. HP: 71/71 MP: 11/20
 10095 | D:9      | Found a stormy altar of Qazlal.
 10174 | D:9      | Learned a level 1 spell: Necrotise
 10327 | D:10     | Entered Level 10 of the Dungeon
 10327 | D:10     | Found a transporter.
 10327 | D:10     | Found a transporter.
 10355 | D:10     | Noticed a gargoyle
 10366 | D:10     | Killed a gargoyle
 10367 | D:10     | Reached skill level 1 in Necromancy
 10435 | D:10     | Noticed a two-headed ogre
 10445 | D:10     | Killed a two-headed ogre
 10446 | D:10     | Reached skill level 1 in Summonings
 10446 | D:10     | Reached skill level 1 in Evocations
 10586 | D:10     | Noticed a deep elf pyromancer
 10591 | D:10     | Killed a deep elf pyromancer
 10592 | D:10     | Reached skill level 5 in Short Blades
 10911 | D:10     | Found a staircase to the Orcish Mines.
 10989 | D:10     | Noticed ripuliukko's ghost (novice GrEE)
 10997 | D:10     | Noticed a meliai
 11090 | D:10     | Killed a meliai
 11108 | D:10     | HP: 1/73 [poisoned by ripuliukko's ghost (toxic radiance)]
 11108 | D:10     | Killed from afar by ripuliukko's ghost

Illustrated notes

Levels and vault maps discovered:
D:1:      spicycebolla_green_bress_n_ham, layout_basic, serial_shops, shop
D:2:      layout_loops_corners, basic_altar, serial_shops,
          nicolae_shop_tiny_statue_garden, uniq_natasha, uniq_terence
D:3:      layout_loops_ring, hangedman_abyss_or_decor_stabs
D:4:      layout_layer_cave, minivault_14, kennysheep_pointless_box
D:5:      layout_basic, minmay_misc_feat_encased, minmay_misc_feat_four_crosses,
          uniq_edmund
D:6:      layout_rooms
D:7:      layout_loops_ring, minmay_temple_entry_offerings, uniq_duvessa
D:8:      layout_loops_ring, lemuel_coloured_pillars_altar
D:9:      layout_roguey, general_overflow_altar, serial_shops,
          nicolae_stop_n_shop_2
D:10:     layout_rooms, erik_lair_dragon, david_orc_2, gammafunk_ghost_hive,
          nicolae_twisty_statue_hallways
Temple:   nicolae_temple_slightly_damp_pantheon

Skill      XL: |  1  2  3  4  5  6  7  8  9 10 |
---------------+-------------------------------+-----
Ice Magic      | 4 5 7 8 |  8.8
Fighting       | 1 2 3 4 |  4.5
Dodging        | 2 3 4 |  4.8
Stealth        | 2 3 |  3.3
Short Blades   | 1 2 3 4 5 |  5.1
Armour         | 1 2 3 4 |  4.2
Spellcasting   | 3 4 5 7 8 |  8.2
Necromancy     | 2 |  2.7
Summonings     | 1 |  1.9
Evocations     | 1 |  1.8
Throwing       | |  0.9
Shields        | |  0.9

Action                     |  1- 3 |  4- 6 |  7- 9 | 10-12 || total
---------------------------+-------+-------+-------+-------++-------
  Melee: Dagger            |    47 |   102 |       |       ||   149
         Kick              |       |    42 |    52 |    18 ||   112
         Short sword       |       |    26 |    45 |       ||    71
         Punch             |       |     1 |     2 |       ||     3
         Rapier            |       |       |   107 |    62 ||   169
   Fire: Sling             |     9 |       |       |       ||     9
  Throw: Dart              |     1 |     2 |     6 |       ||     9
         Javelin           |       |     2 |       |       ||     2
   Cast: Freeze            |    27 |     7 |    12 |       ||    46
         Frozen Ramparts   |     1 |    13 |    38 |    14 ||    66
         Ozocubu's Armour  |       |    11 |    26 |    12 ||    49
         Summon Ice Beast  |       |       |     1 |     1 ||     2
         Necrotise         |       |       |       |    27 ||    27
 Invoke: Sacrifice Purity  |       |       |     1 |       ||     1
    Use: Potion            |       |     2 |       |     8 ||    10
         Scroll            |       |       |     4 |     2 ||     6
   Stab: Sleeping          |     3 |     4 |     1 |       ||     8
 Armour: Robe              |    21 |    63 |    69 |    59 ||   212
         Plate armour      |       |       |    11 |       ||    11
  Dodge: Dodged            |    35 |    66 |    61 |    57 ||   219
  Block: Other             |       |       |    16 |    17 ||    33
         Reflection        |       |       |     2 |     1 ||     3
